 Dungeon Crawl Stone Soup version 0.28-a0-628-g3c9886e45e (webtiles) character file.

Game seed: 9125652132885522847

429 Sabo the Covered (level 7, -11/55 HPs)
             Began as a Formicid Fighter on Oct 8, 2021.
             Killed by divine providence
             ... invoked by an orc priest
              (12 damage)
             ... on level 4 of the Dungeon.
             The game lasted 00:14:33 (2849 turns).

Sabo the Covered (Formicid Fighter)                 Turns: 2849, Time: 00:14:33

Health: -11/55     AC: 18    Str: 21    XL:     7   Next: 19%
Magic:  7/7        EV:  3    Int:  8    God:
Gold:   122        SH:  5    Dex: 17    Spells: 6/6 levels left

rFire   . . .      SeeInvis +   g - +3 spear
rCold   . . .      Faith    .   c - +0 buckler
rNeg    . . .      Spirit   .   n - +0 crystal plate armour
rPois   .          Reflect  .   (helmet unavailable)
rElec   .          Harm     .   s - +0 cloak
rCorr   .          Rampage  .   (no gloves)
Will    .....                   (no boots)
Stlth   ..........              (no amulet)
HPRegen 0.18/turn               u - +6 ring of dexterity
MPRegen 0.10/turn               (no ring)

@: no status effects
A: permanent stasis, dig shafts and tunnels, antennae 3, four strong arms
a: Dig, Shaft Self


You were on level 4 of the Dungeon.
You visited 1 branch of the dungeon, and saw 4 of its levels.

You collected 122 gold pieces.

Inventory:

Hand Weapons
 a - a +0 quarterstaff
 d - a +0 shortbow
 g - a +3 spear (weapon)
 p - a +0 hunting sling
Missiles
 f - 18 bolts
 i - 22 arrows
 r - 17 sling bullets
Armour
 b - a +0 scale mail
 c - a +0 buckler (worn)
 m - the +0 leather armour of Ru's Outrage {Str+4 Int+5 Stlth+}
   (You found it on level 4 of the Dungeon)

   Str:       It affects your strength (+4).
   Int:       It affects your intelligence (+5).
   Stlth:     It makes you more stealthy.
 n - a +0 crystal plate armour (worn)
 s - a +0 cloak (worn)
Jewellery
 u - a +6 ring of dexterity (left hand)
Scrolls
 o - a scroll of enchant armour {unknown}
 q - a scroll of noise {unknown}
Potions
 e - 3 potions of invisibility {unknown}
 h - a potion of lignification {unknown}
 j - a potion of cancellation {unknown}
 k - a potion of flight {unknown}
 l - a potion of curing {unknown}


   Skills:
 + Level 4.8 Fighting
 + Level 3.9(4.3) Polearms
 + Level 2.3(3.4) Staves
 + Level 4.9 Armour
 + Level 1.0 Dodging
 + Level 0.3 Stealth
 + Level 4.4 Shields


You had 6 spell levels left.
You didn't know any spells.
Your spell library contained the following spells:

 Spells                   Type           Power      Damage    Failure   Level
 Summon Small Mammal      Summ           0%         N/A       100%        1
 Slow                     Hex            0%         N/A       100%        2
 Call Canine Familiar     Summ           0%         N/A       100%        3
 Confusing Touch          Hex            0%         N/A       100%        3
 Ozocubu's Armour         Ice            0%         N/A       100%        3
 Summon Guardian Golem    Hex/Summ       0%         N/A       100%        3
 Vampiric Draining        Necr           0%         2d6       100%        3
 Ozocubu's Refrigeration  Ice            0%         4d5       100%        7


Dungeon Overview and Level Annotations

Branches:
Dungeon (4/15)
 Temple: D:4-7

Altars:
Trog
Yredelemnul

Shops:
D:3 :


Innate Abilities, Weirdness & Mutations

You cannot be hasted, slowed, berserked, paralysed or teleported.
You can dig through walls and to a lower floor.
You have a pair of large antennae on your head. (SInv)
Your four strong arms can wield two-handed weapons with a shield.


Message History

The orc hits you but does no damage.
You closely miss the orc. The orc hits you but does no damage.
You puncture the orc!
You kill the orc!
You hit the orc.
The orc is lightly wounded.
You block the orc's attack.
Your crystal plate armour prevents you from hitting the orc.
The orc is lightly wounded.
The orc hits you but does no damage.
You hit the orc.
The orc is almost dead.
The orc hits you but does no damage.
You hit the orc.
You kill the orc!
You closely miss the orc. You hit the orc but do no damage.
The orc completely misses you.
Your crystal plate armour prevents you from hitting the orc.
You block the orc's attack.
You hit the orc.
The orc is almost dead.
The orc hits you with a +0 hand axe.
You hit the orc.
You kill the orc!
Items here: )))) [[[ †††††.
Okay, then.
An orc, an orc warrior and an orc priest come into view.
The orc priest is wielding a +1 hand axe of freezing.
The orc warrior shouts!
The orc shouts!
You hear a shout!
An orc comes into view. It is wielding a +0 dagger.
An orc priest comes into view. It is wielding a +0 hand axe.
The orc priest shouts!
You hear an angry hiss.
The orc priest mumbles some strange prayers to Beogh against you.
Beogh smites you!
* * * LOW HITPOINT WARNING * * *
The orc warrior hits you from afar with a +0 halberd!
* * * LOW HITPOINT WARNING * * *
The orc priest mumbles some strange prayers to Beogh against you.
Beogh smites you!
You die...

####. ..#... . .o...#
#.## ....## ....##
#.o.... #....
....##.oo..# ......
.. #..o...# ....#
....#..@.# .#..#
#.......## ###....#.
##...##..####........
#........##.....#
#......##..)...#.##
....... #####.##..#
.......... #......#.
.........#
##......... ........#
#..........


You could see an orc warrior, 2 orc priests and 2 orcs.

Vanquished Creatures
  Grinder (D:3)
  A centaur (D:4)
  An iguana (D:4)
  4 adders
  An ufetubus (D:4)
  A worm (D:3)
  5 orcs
  2 bats
  5 endoplasms (D:1)
  6 giant cockroaches
  5 goblins
  6 hobgoblins
  3 quokkas
  3 ball pythons
  6 frilled lizards
  4 kobolds
  7 rats
61 creatures vanquished.

Notes
Turn   | Place    | Note
-------+----------+-------------------------------------------
     0 | D:1      | Sabo the Formicid Fighter began the quest for the Orb.
     0 | D:1      | Reached XP level 1. HP: 18/18 MP: 1/1
   102 | D:1      | Reached XP level 2. HP: 24/24 MP: 2/2
   817 | D:1      | Reached XP level 3. HP: 29/29 MP: 3/3
  1138 | D:2      | Found a basalt altar of Yredelemnul.
  1333 | D:2      | You fall into a shaft and drop 1 floor!
  1783 | D:3      | Reached XP level 4. HP: 37/37 MP: 4/4
  1826 | D:3      | Noticed Grinder
  1846 | D:3      | Killed Grinder
  1847 | D:3      | Reached XP level 5. HP: 8/43 MP: 5/5
  1847 | D:3      | Reached XP level 6. HP: 10/49 MP: 6/6
  2157 | D:3      | Reached skill level 1 in Dodging
  2297 | D:3      | Found Zeuc Dun's Book Shoppe.
  2588 | D:3      | Found a bloodstained altar of Trog.
  2729 | D:4      | Reached XP level 7. HP: 9/55 MP: 7/7
  2770 | D:4      | Identified the +0 leather armour of Ru's Outrage {Str+4
                  | Int+5 Stlth+}
  2849 | D:4      | HP: 1/55 [orc warrior (16)]
  2849 | D:4      | Killed from afar by an orc priest

Illustrated notes

Levels and vault maps discovered:
D:1:      dpeg_arrival_tiny_a, layout_basic
D:2:      layout_rooms, basic_altar
D:3:      layout_loops_ring, trog_book, serial_shops, nicolae_shop_crystal,
          palyth_stone_intersect, uniq_grinder
D:4:      layout_cave_pools, zin_purify, portal_sewer_entry_e,
          uniq_blork_the_orc, uniq_edmund, uniq_robin

Skill      XL: |  1  2  3  4  5  6 |
---------------+-------------------+-----
Shields        | 4 |  4.4
Fighting       | 4 |  4.8
Armour         | 4 |  4.9
Polearms       | 3 |  3.9
Dodging        | 1 |  1.0
Staves         | |  2.3
Stealth        | |  0.3

Action                   |  1- 3 |  4- 6 |  7- 9 || total
-------------------------+-------+-------+-------++-------
Melee: Quarterstaff      |     9 |       |       ||     9
       Spear             |    77 |    52 |    36 ||   165
 Abil: Dig               |     3 |     1 |       ||     4
  Use: Scroll            |       |     3 |       ||     3
       Potion            |       |     1 |       ||     1
Armor: Scale mail        |    21 |       |       ||    21
       Crystal plate arm |    32 |    55 |    20 ||   107
Dodge: Dodged            |    24 |     9 |     5 ||    38
Block: Buckler           |    21 |    12 |     9 ||    42

Table legend: (Time is in decaauts)
 A = Elapsed time spent in this place.
 B = Non-inter-level travel time spent in this place.
 C = Inter-level travel time spent in this place.
 D = Time resting spent in this place.
 E = Time spent auto-exploring this place.
 F = Levels seen in this place.
 G = Mean time per level.
                   A        B        C        D        E       F      G
               +--------+--------+--------+--------+--------+-----+--------+
         Total |   2861 |   2861 |      0 |    659 |      0 |   4 |  715.2 |
       Dungeon |   2861 |   2861 |      0 |    659 |      0 |   4 |  715.2 |
               +--------+--------+--------+--------+--------+-----+--------+

Top non-repeatable levels by time:
     D:3: 1042 daAuts
     D:1: 943 daAuts
     D:2: 744 daAuts
     D:4: 131 daAuts
